Map: Ulrena

Players

LOUISXIV

  • Race: Protoss Protoss
  • League: Gold
  • Spawn Location: 7:00

zidar - Winner!

  • Race: Zerg Zerg
  • League: Silver
  • Spawn Location: 11:00

VOD

Have the link to the VOD?

Description

Time

  • Played on: Jan. 19, 2016, 10:25 a.m.
  • Length: 11:18
Show
View Real Time Build Order
Export as new Build Order

LOUISXIV Protoss 

Build Orders: Phoenix Opening 

Get SALT Encoding   

  12  0:01  Probe (Chrono Boost)  
  13  0:11  Probe (Chrono Boost)  
  14  0:19  Pylon  
  14  0:24  Probe (Chrono Boost)  
  15  0:38  Probe (Chrono Boost)  
  15  0:41  Gateway  
  16  0:48  Probe (Chrono Boost)  
  17  0:50  Assimilator  
  17  1:08  Probe (Chrono Boost)  
  18  1:18  Probe (Chrono Boost)  
  18  1:22  Pylon  
  19  1:29  Probe (Chrono Boost)  
  19  1:32  Cybernetics Core  
  20  1:35  Zealot  
  23  1:40  Probe (Chrono Boost)  
  23  1:44  Pylon  
  23  1:49  Assimilator  
  23  1:50  Probe (Chrono Boost)  
  24  2:02  Probe (Chrono Boost)  
  25  2:09  Warp Gate (Chrono Boost)  
  25  2:14  Gateway  
  25  2:31  Stargate  
  25  2:36  Probe (Chrono Boost)  
  26  2:50  Probe  
  27  3:11  Stargate  
  27  3:22  Phoenix  
  29  3:42  Adept (Chrono Boost)  
  29  3:45  Adept (Chrono Boost)  
  35  3:48  Mothership Core  
  34  4:37  Adept  
  36  4:39  Adept  
  38  5:04  Pylon  
  38  5:07  Pylon  
  38  5:22  Phoenix x2  
  41  5:39  Zealot  
  41  5:40  Zealot  
  45  5:47  Phoenix x2, Pylon  
  49  5:50  Pylon  
  49  5:52  Pylon  
  49  5:53  Nexus  
  49  6:08  Pylon  
  49  6:12  Phoenix x2  
  49  6:14  Pylon x2  
  53  6:29  Pylon  
  53  6:35  Adept  
  55  6:54  Nexus  
  55  7:00  Pylon  
  55  7:02  Adept  
  55  7:07  Phoenix x2  
  59  7:53  Adept x2  
  63  7:58  Void Ray  
  67  8:24  Stalker  
  67  8:25  Probe, Stalker  
  72  8:31  Probe  
  73  8:36  Probe  
  74  8:41  Void Ray  
  74  8:43  Probe  
  74  8:46  Probe  
  80  8:55  Probe  
  81  8:57  Probe  
  76  9:07  Probe x2  
  76  9:08  Stalker  
  76  9:09  Stalker  
  82  9:12  Void Ray  
  86  9:18  Probe  
  87  9:24  Void Ray  
  87  9:28  Probe  
  92  9:32  Assimilator  
  92  9:35  Assimilator  
  92  9:58  Probe  
  88  10:03  Stalker  
  91  10:07  Stalker  
  91  10:09  Probe  
  94  10:19  Probe  
  94  10:20  Robotics Facility  
  87  10:44  Stalker x2  
Show
View Real Time Build Order
Export as new Build Order

zidar Zerg - Winner!

Build Orders: Pool First 

Get SALT Encoding   

  12  0:02  Drone  
  13  0:12  Overlord  
  13  0:17  Drone  
  14  0:30  Drone x2  
  16  0:36  Drone  
  17  0:47  Spawning Pool  
  16  0:54  Drone  
  17  1:14  Hatchery  
  17  1:17  Drone  
  17  1:21  Extractor, Drone  
  17  1:24  Drone  
  18  1:39  Overlord  
  18  1:40  Drone  
  18  1:46  Queen  
  21  2:04  Drone x2  
  22  2:15  Drone  
  22  2:21  Queen  
  25  2:50  Zergling x2  
  25  2:51  Zergling x6  
  29  3:10  Spore Crawler  
  28  3:17  Metabolic Boost  
  28  3:28  Drone x7  
  35  3:50  Hatchery  
  34  4:01  Spore Crawler  
  32  4:10  Queen  
  32  4:12  Overlord x2  
  32  4:13  Overlord x2  
  34  4:30  Queen  
  36  4:43  Zergling x16  
  36  4:44  Zergling x8  
  48  5:32  Roach Warren  
  48  5:33  Extractor  
  46  5:39  Evolution Chamber  
  45  5:43  Drone x3  
  45  5:44  Drone x12  
  60  5:57  Extractor  
  60  6:03  Extractor  
  58  6:07  Lair  
  58  6:11  Zerg Melee Weapons Level 1  
  58  6:19  Roach x8  
  61  7:22  Hydralisk Den  
  57  7:51  Queen  
  57  8:11  Queen  
  57  8:12  Queen  
  59  8:14  Hydralisk  
  59  8:15  Hydralisk x6  
  59  8:19  Overlord x2  
  73  8:20  Overlord x4  
  73  8:21  Overlord x2  
  73  8:23  Overlord  
  71  8:39  Muscular Augments  
  71  9:01  Hydralisk x5  
  71  9:02  Hydralisk x10  
  99  9:47  Overlord x3  
  99  9:48  Overlord  
  99  10:10  Drone x2  
  99  10:11  Drone x10  
  111  10:18  Extractor  
  111  10:20  Roach, Extractor  
  111  10:21  Roach x5  
  113  10:38  Roach x3  
  113  10:39  Roach  
  113  10:42  Overlord  
  121  10:43  Overlord  
Tags
 
Add a new tag
Caveats
  • Supply blocks, unpowered buildings, or Contaminate may cause inaccurate times.
  • Supply counts are checked every 10 seconds.